AoeStats
← TheQuietRiot

Arabia

506944499Analyzed
1v1 RM · 16d ago on Sep 15, 2026· 73m 41s· 2 players
Game mode
Random Map
Map size
Tiny (2 player)
Population
200
Speed
Normal
Resources
Standard
Victory
Conquest
Starting age
Dark Age
Ending age
Imperial Age
RankedLock teamsTeams togetherTeam positionsShared explorationLock speedFull tech treeHidden civsTurbo modeCheats
Victory
Defeat
🇬🇧 Britons · United Kingdom
982
+16
🇩🇪 Maya · Germany
988
-16
TheQuietRiot
10:01 Feudal Age
8:45 Loom
10:37 Double-Bit Axe
11:44 Horse Collar
17:41 Castle Age
15:56 Stone Mining
17:49 Fletching
19:38 Husbandry
19:36 Gold Mining
21:21 Forging
22:15 Heavy Plow
25:52 Bow Saw
25:23 Crossbowman
29:08 Wheelbarrow
28:21 Town Watch
30:39 Gold Shaft Mining
32:22 Bodkin Arrow
34:13 Padded Archer Armor
34:49 Iron Casting
34:45 Ballistics
35:42 Elite Skirmisher
39:43 Imperial Age
37:57 Hand Cart
38:41 Murder Holes
38:59 Masonry
38:34 Pikeman
39:15 Squires
39:53 Town Patrol
40:12 Leather Archer Armor
39:58 Scale Mail Armor
39:47 Gambesons
39:52 Arson
41:06 Yeomen
41:12 Conscription
40:48 Elite Longbowman
43:15 Two-Man Saw
42:03 Halberdier
45:25 Warwolf
46:54 Chemistry
46:42 Siege Engineers
46:43 Bracer
47:14 Ring Archer Armor
46:55 Light Cavalry
46:57 Cavalier
52:22 Blast Furnace
51:28 Scale Barding Armor
58:00 Chain Mail Armor
64:36 Hoardings
LazerLoki
0:30 Loom
9:32 Feudal Age
10:19 Double-Bit Axe
17:21 Forging
21:17 Castle Age
19:39 Scale Mail Armor
19:49 Gold Mining
21:53 Pikeman
23:40 Bow Saw
23:31 Crossbowman
24:04 Fletching
24:30 Chain Mail Armor
26:19 Horse Collar
31:49 Bodkin Arrow
32:32 Iron Casting
31:58 Padded Archer Armor
32:55 Thumb Ring
32:55 Squires
37:18 Leather Archer Armor
37:26 Ballistics
39:57 Imperial Age
38:49 Eagle Warrior
40:45 Bracer
41:19 Ring Archer Armor
41:42 Wheelbarrow
41:04 Elite Eagle Warrior
42:22 Conscription
44:49 Blast Furnace
44:19 Plate Mail Armor
43:35 Elite Plumed Archer
45:45 Chemistry
45:28 Hand Cart
60:37 Elite Skirmisher
63:08 Halberdier
64:24 Hul'che Javelineers
Connection lost

Rejoining the realm…

Still unreachable

The connection could not be restored.

Session expired

The server has moved on; the page needs a fresh start.